[ AOE2 MATCH · #486206487 ]
UnrankedGeorgians vs Vikings
[ REPLAY ANALYSIS · EXTRACTED FROM THE RECORDED GAME ]
Feudal
10:00
Castle
27:38
Imperial
—
| APM avg | 39.4 |
| APM peak | 94 |
| eAPM avg | 12.6 |
| Villagers / military | 64 / 32 |
Focus
⚔️ 27.1% · 🌾 72.9%
Knight ×17 · Scout Cavalry ×15
Feudal
8:54
Castle
24:36
Imperial
—
| APM avg | 56.0 |
| APM peak | 98 |
| eAPM avg | 18.7 |
| Villagers / military | 42 / 72 |
Focus
⚔️ 42.3% · 🌾 57.7%
Archer ×72
Feudal
9:22
Castle
24:15
Imperial
—
| APM avg | 71.7 |
| APM peak | 121 |
| eAPM avg | 33.3 |
| Villagers / military | 57 / 58 |
Focus
⚔️ 46.7% · 🌾 53.3%
Archer ×58
Feudal
8:57
Castle
23:41
Imperial
—
| APM avg | 36.7 |
| APM peak | 54 |
| eAPM avg | 13.2 |
| Villagers / military | 53 / 0 |
Focus
⚔️ 29.8% · 🌾 70.2%
Unknown (2550) ×41
Feudal
8:36
Castle
27:25
Imperial
—
| APM avg | 50.0 |
| APM peak | 80 |
| eAPM avg | 23.1 |
| Villagers / military | 55 / 47 |
Focus
⚔️ 47.6% · 🌾 52.4%
Scout Cavalry ×43 · Knight ×4
Feudal
8:54
Castle
23:44
Imperial
—
| APM avg | 51.3 |
| APM peak | 102 |
| eAPM avg | 19.3 |
| Villagers / military | 83 / 26 |
Focus
⚔️ 31.3% · 🌾 68.7%
Unknown (1944) ×45 · Scout Cavalry ×26
Feudal
9:31
Castle
22:15
Imperial
—
| APM avg | 55.6 |
| APM peak | 95 |
| eAPM avg | 19.0 |
| Villagers / military | 61 / 67 |
Focus
⚔️ 35.4% · 🌾 64.6%
Archer ×67
Feudal
9:09
Castle
26:29
Imperial
—
| APM avg | 44.6 |
| APM peak | 76 |
| eAPM avg | 16.0 |
| Villagers / military | 53 / 40 |
Focus
⚔️ 46.9% · 🌾 53.1%
Archer ×39 · Spearman ×1
Match map
Initial resources + every placement click. Lines = walls · curves = elevation contours. ◆ gold · ⬟ stone · ● berries · ✦ relic · ◌ wall gap
Your base· Open — 9t gap
Katsu's base· Open — 5t gap
HIX | Joako's base· Open — 3t gap
PNLN | Maromba_aoe's base· Open — 4t gap
RD | Dominicano's base· ✓ Closed at 27:25 · 82t walls · no gate
Ux'LeonzAoe's base· ✓ Closed at 23:44 · 44t walls · 1 gate(s)
apNEA's base· Open — 9t gap
Una Tortuga's base· ✓ Closed at 26:29 · 47t walls · 3 gate(s)
Smoothed initial terrain · ◌ = detected wall gap · hover for details
Inputs per minute
— HIX | Mark Anthony - - Katsu
Build order — HIX | Mark Anthony
First 150 of 167 actions detected
| 0:01 | Create | Villager (Male) |
| 0:01 | Create | Villager (Male) |
| 0:02 | Create | Villager (Male) |
| 0:02 | Create | Villager (Male) |
| 0:02 | Create | Villager (Male) |
| 0:04 | Build | House |
| 0:06 | Build | House |
| 1:26 | Create | Villager (Male) |
| 1:43 | Create | Villager (Male) |
| 1:44 | Create | Villager (Male) |
| 2:17 | Create | Villager (Male) |
| 2:18 | Create | Villager (Male) |
| 2:39 | Create | Villager (Male) |
| 2:39 | Create | Villager (Male) |
| 3:15 | Create | Villager (Male) |
| 3:15 | Create | Villager (Male) |
| 3:33 | Create | Villager (Male) |
| 3:33 | Create | Villager (Male) |
| 3:55 | Create | Villager (Male) |
| 3:55 | Create | Villager (Male) |
| 4:00 | Build | House |
| 4:02 | Build | House |
| 4:08 | Create | Villager (Male) |
| 4:41 | Create | Villager (Male) |
| 4:41 | Create | Villager (Male) |
| 4:56 | Create | Villager (Male) |
| 4:56 | Create | Villager (Male) |
| 5:31 | Build | Mill |
| 5:44 | Create | Villager (Male) |
| 5:45 | Create | Villager (Male) |
| 6:05 | Research | Loom |
| 6:18 | Build | Mule Cart |
| 7:04 | Create | Villager (Male) |
| 7:50 | Research | Feudal Age |
| 7:51 | Research | Feudal Age |
| 7:57 | Build | Barracks |
| 7:58 | Build | House |
| 9:11 | Build | House |
| 9:52 | Create | Villager (Male) |
| 9:52 | Create | Villager (Male) |
| 10:00 | Age | Feudal Age |
| 10:02 | Build | Stable |
| 10:33 | Build | Mule Cart |
| 10:38 | Create | Villager (Male) |
| 10:44 | Create | Scout Cavalry |
| 10:44 | Create | Scout Cavalry |
| 11:04 | Research | Double-Bit Axe |
| 11:04 | Research | Double-Bit Axe |
| 11:09 | Create | Scout Cavalry |
| 11:12 | Create | Villager (Male) |
| 11:17 | Create | Scout Cavalry |
| 11:59 | Create | Scout Cavalry |
| 12:19 | Build | Stable |
| 12:33 | Create | Villager (Male) |
| 12:49 | Create | Villager (Male) |
| 13:07 | Build | Blacksmith |
| 13:10 | Create | Villager (Male) |
| 13:12 | Create | Scout Cavalry |
| 13:12 | Create | Scout Cavalry |
| 13:42 | Create | Villager (Male) |
| 13:42 | Create | Villager (Male) |
| 13:46 | Build | House |
| 13:46 | Build | Farm |
| 13:47 | Build | Farm |
| 13:47 | Build | Farm |
| 14:10 | Create | Villager (Male) |
| 14:14 | Build | Farm |
| 14:37 | Create | Villager (Male) |
| 14:46 | Build | Farm |
| 14:46 | Build | Farm |
| 14:46 | Build | Farm |
| 15:16 | Build | Farm |
| 15:16 | Build | Farm |
| 15:18 | Research | Scale Barding Armor |
| 15:25 | Create | Villager (Male) |
| 15:36 | Build | Farm |
| 15:47 | Create | Villager (Male) |
| 16:19 | Create | Scout Cavalry |
| 16:19 | Create | Scout Cavalry |
| 16:31 | Create | Villager (Male) |
| 16:31 | Create | Villager (Male) |
| 16:34 | Build | Farm |
| 16:35 | Build | Farm |
| 16:37 | Build | House |
| 16:38 | Build | House |
| 16:38 | Build | House |
| 16:45 | Create | Villager (Male) |
| 16:45 | Create | Villager (Male) |
| 17:58 | Build | Watch Tower |
| 18:08 | Create | Villager (Male) |
| 18:08 | Create | Villager (Male) |
| 18:32 | Build | House |
| 18:36 | Build | House |
| 18:39 | Build | House |
| 18:53 | Create | Villager (Male) |
| 18:59 | Build | Farm |
| 18:59 | Build | Farm |
| 19:01 | Build | Farm |
| 19:17 | Create | Villager (Male) |
| 19:18 | Create | Villager (Male) |
| 19:29 | Build | Farm |
| 19:37 | Create | Villager (Male) |
| 19:38 | Create | Villager (Male) |
| 19:38 | Research | Wheelbarrow |
| 19:42 | Create | Scout Cavalry |
| 19:42 | Create | Scout Cavalry |
| 19:45 | Build | Farm |
| 19:47 | Build | Farm |
| 20:14 | Build | Farm |
| 20:19 | Create | Villager (Male) |
| 20:20 | Create | Villager (Male) |
| 20:27 | Create | Villager (Male) |
| 20:34 | Research | Bloodlines |
| 20:46 | Build | Farm |
| 20:47 | Build | Farm |
| 20:48 | Build | Farm |
| 20:48 | Build | Farm |
| 21:02 | Create | Scout Cavalry |
| 21:03 | Create | Scout Cavalry |
| 21:15 | Research | Forging |
| 21:30 | Create | Villager (Male) |
| 21:30 | Create | Villager (Male) |
| 22:19 | Create | Scout Cavalry |
| 22:19 | Create | Scout Cavalry |
| 22:20 | Create | Villager (Male) |
| 22:44 | Build | Market |
| 22:53 | Create | Villager (Male) |
| 22:54 | Create | Villager (Male) |
| 22:54 | Research | Wheelbarrow |
| 22:59 | Build | House |
| 23:02 | Build | House |
| 23:03 | Build | Palisade Wall |
| 23:04 | Build | Palisade Wall |
| 24:23 | Research | Castle Age |
| 24:23 | Research | Castle Age |
| 25:10 | Research | Gold Mining |
| 25:47 | Build | Stable |
| 26:13 | Build | Stable |
| 27:13 | Create | Villager (Male) |
| 27:13 | Create | Villager (Male) |
| 27:38 | Age | Castle Age |
| 27:40 | Research | Chain Barding Armor |
| 27:42 | Research | Iron Casting |
| 27:46 | Create | Knight |
| 27:46 | Create | Knight |
| 27:47 | Create | Knight |
| 27:47 | Create | Knight |
| 27:47 | Create | Knight |
| 27:48 | Create | Knight |
| 27:59 | Create | Knight |
Build order — Katsu
First 150 of 193 actions detected
| 0:00 | Create | Villager (Male) |
| 0:02 | Build | House |
| 0:03 | Build | House |
| 0:10 | Create | Villager (Male) |
| 0:11 | Create | Villager (Male) |
| 0:40 | Create | Villager (Male) |
| 1:22 | Create | Villager (Male) |
| 1:58 | Build | Lumber Camp |
| 1:58 | Create | Villager (Male) |
| 2:23 | Create | Villager (Male) |
| 2:49 | Create | Villager (Male) |
| 3:03 | Create | Villager (Male) |
| 3:31 | Create | Villager (Male) |
| 3:51 | Build | House |
| 4:00 | Create | Villager (Male) |
| 4:31 | Create | Villager (Male) |
| 4:56 | Build | House |
| 4:59 | Build | House |
| 5:04 | Create | Villager (Male) |
| 5:21 | Create | Villager (Male) |
| 5:35 | Build | Mining Camp |
| 5:51 | Create | Villager (Male) |
| 6:05 | Research | Loom |
| 6:44 | Research | Feudal Age |
| 7:05 | Build | House |
| 7:40 | Build | Barracks |
| 7:47 | Build | Barracks |
| 8:48 | Build | House |
| 8:53 | Create | Villager (Male) |
| 8:54 | Age | Feudal Age |
| 9:02 | Build | Archery Range |
| 9:15 | Build | Archery Range |
| 9:23 | Create | Villager (Male) |
| 9:31 | Research | Double-Bit Axe |
| 9:35 | Create | Villager (Male) |
| 9:49 | Build | House |
| 9:58 | Create | Archer |
| 10:02 | Create | Villager (Male) |
| 10:11 | Create | Archer |
| 10:22 | Create | Villager (Male) |
| 10:33 | Create | Archer |
| 10:40 | Build | Blacksmith |
| 10:41 | Create | Archer |
| 10:44 | Create | Villager (Male) |
| 11:03 | Create | Archer |
| 11:05 | Create | Villager (Male) |
| 11:09 | Build | Mill |
| 11:13 | Build | House |
| 11:32 | Create | Archer |
| 11:32 | Create | Archer |
| 11:54 | Create | Villager (Male) |
| 11:55 | Create | Archer |
| 11:55 | Create | Archer |
| 12:09 | Create | Archer |
| 12:32 | Create | Archer |
| 12:38 | Create | Villager (Male) |
| 12:41 | Build | House |
| 12:43 | Build | Farm |
| 12:44 | Build | Farm |
| 12:46 | Build | Farm |
| 12:47 | Build | Farm |
| 12:54 | Create | Archer |
| 13:00 | Build | Palisade Wall |
| 13:09 | Build | Farm |
| 13:11 | Build | Farm |
| 13:18 | Create | Archer |
| 13:20 | Research | Fletching |
| 13:20 | Research | Fletching |
| 13:22 | Create | Archer |
| 13:37 | Create | Archer |
| 13:37 | Create | Archer |
| 14:08 | Create | Archer |
| 14:13 | Create | Villager (Male) |
| 14:13 | Create | Villager (Male) |
| 14:28 | Create | Archer |
| 14:28 | Create | Archer |
| 14:32 | Create | Villager (Male) |
| 14:35 | Build | House |
| 14:44 | Build | House |
| 14:48 | Create | Villager (Male) |
| 14:52 | Build | House |
| 14:53 | Build | House |
| 14:57 | Research | Padded Archer Armor |
| 15:11 | Create | Archer |
| 15:11 | Create | Archer |
| 15:12 | Create | Villager (Male) |
| 15:17 | Build | Palisade Wall |
| 15:19 | Build | House |
| 15:20 | Build | House |
| 15:37 | Build | Market |
| 15:50 | Build | Watch Tower |
| 15:53 | Create | Villager (Male) |
| 15:56 | Create | Archer |
| 15:57 | Create | Archer |
| 16:03 | Build | Palisade Wall |
| 16:04 | Build | Palisade Wall |
| 16:05 | Build | Palisade Wall |
| 16:12 | Create | Villager (Male) |
| 16:16 | Create | Archer |
| 16:26 | Create | Villager (Male) |
| 16:32 | Build | House |
| 16:37 | Create | Archer |
| 16:37 | Create | Archer |
| 16:42 | Build | House |
| 16:45 | Build | Stone Wall |
| 16:47 | Build | House |
| 16:48 | Build | Stone Wall |
| 16:57 | Create | Villager (Male) |
| 16:59 | Build | Watch Tower |
| 17:45 | Create | Archer |
| 17:45 | Create | Archer |
| 17:46 | Create | Archer |
| 17:59 | Create | Villager (Male) |
| 18:22 | Create | Villager (Male) |
| 18:43 | Create | Villager (Male) |
| 18:56 | Build | Lumber Camp |
| 19:19 | Create | Villager (Male) |
| 19:22 | Build | House |
| 19:42 | Create | Villager (Male) |
| 19:44 | Create | Archer |
| 19:44 | Create | Archer |
| 20:21 | Create | Villager (Male) |
| 20:23 | Build | Archery Range |
| 20:25 | Create | Archer |
| 20:25 | Create | Archer |
| 21:04 | Build | Farm |
| 21:04 | Build | Farm |
| 21:05 | Build | Farm |
| 21:05 | Build | Farm |
| 21:56 | Research | Castle Age |
| 21:59 | Create | Archer |
| 22:26 | Create | Villager (Male) |
| 22:27 | Build | Farm |
| 22:28 | Build | House |
| 22:35 | Build | Palisade Wall |
| 22:38 | Build | Palisade Wall |
| 22:43 | Create | Archer |
| 22:43 | Create | Archer |
| 22:47 | Create | Archer |
| 22:55 | Build | Lumber Camp |
| 23:08 | Create | Archer |
| 23:09 | Create | Archer |
| 23:11 | Create | Archer |
| 23:40 | Create | Archer |
| 23:40 | Create | Archer |
| 23:57 | Create | Archer |
| 24:03 | Research | Gold Mining |
| 24:04 | Research | Horse Collar |
| 24:20 | Create | Archer |
| 24:21 | Create | Archer |
Build order — HIX | Joako
First 150 of 204 actions detected
| 0:01 | Create | Villager (Male) |
| 0:02 | Create | Villager (Male) |
| 0:02 | Build | House |
| 0:04 | Build | House |
| 0:07 | Create | Villager (Male) |
| 0:07 | Create | Villager (Male) |
| 1:30 | Create | Villager (Male) |
| 2:05 | Build | Lumber Camp |
| 2:08 | Create | Villager (Male) |
| 2:08 | Create | Villager (Male) |
| 2:22 | Create | Villager (Male) |
| 2:58 | Create | Villager (Male) |
| 2:58 | Create | Villager (Male) |
| 3:22 | Create | Villager (Male) |
| 3:23 | Create | Villager (Male) |
| 3:48 | Create | Villager (Male) |
| 3:48 | Create | Villager (Male) |
| 3:55 | Build | House |
| 3:56 | Build | House |
| 4:10 | Build | House |
| 4:14 | Create | Villager (Male) |
| 4:21 | Build | House |
| 4:22 | Build | Palisade Wall |
| 4:23 | Build | Palisade Wall |
| 4:33 | Create | Villager (Male) |
| 4:35 | Create | Villager (Male) |
| 4:35 | Create | Villager (Male) |
| 5:11 | Create | Villager (Male) |
| 5:15 | Create | Villager (Male) |
| 5:30 | Build | Palisade Wall |
| 5:38 | Build | Mining Camp |
| 5:55 | Research | Loom |
| 6:47 | Create | Villager (Male) |
| 7:06 | Research | Feudal Age |
| 8:12 | Create | Villager (Male) |
| 8:18 | Build | Barracks |
| 8:35 | Build | Mill |
| 9:03 | Create | Villager (Male) |
| 9:20 | Create | Villager (Male) |
| 9:22 | Age | Feudal Age |
| 9:23 | Build | Archery Range |
| 9:24 | Build | Archery Range |
| 10:19 | Create | Archer |
| 10:19 | Create | Archer |
| 10:19 | Create | Archer |
| 10:23 | Create | Archer |
| 10:23 | Create | Archer |
| 10:25 | Build | House |
| 10:28 | Build | House |
| 10:38 | Build | House |
| 10:41 | Create | Villager (Male) |
| 10:53 | Create | Villager (Male) |
| 11:08 | Build | House |
| 11:13 | Create | Archer |
| 11:19 | Build | Blacksmith |
| 11:25 | Create | Archer |
| 11:28 | Create | Archer |
| 11:32 | Create | Archer |
| 11:35 | Build | House |
| 11:36 | Build | House |
| 11:49 | Create | Villager (Male) |
| 12:05 | Create | Archer |
| 12:07 | Create | Archer |
| 12:27 | Create | Archer |
| 12:45 | Create | Villager (Male) |
| 13:12 | Create | Archer |
| 13:20 | Create | Archer |
| 13:21 | Create | Villager (Male) |
| 13:41 | Create | Archer |
| 13:48 | Research | Fletching |
| 14:04 | Create | Archer |
| 14:06 | Create | Archer |
| 14:09 | Create | Villager (Male) |
| 14:19 | Create | Archer |
| 14:36 | Build | Farm |
| 14:39 | Create | Archer |
| 14:51 | Build | Market |
| 14:53 | Create | Villager (Male) |
| 14:54 | Create | Archer |
| 15:01 | Create | Villager (Male) |
| 15:04 | Build | Farm |
| 15:14 | Build | Farm |
| 15:18 | Create | Archer |
| 15:37 | Build | Farm |
| 15:52 | Create | Archer |
| 16:01 | Create | Villager (Male) |
| 16:03 | Build | Farm |
| 16:03 | Build | Farm |
| 16:03 | Build | Farm |
| 16:03 | Build | Farm |
| 16:13 | Create | Villager (Male) |
| 16:15 | Create | Archer |
| 16:16 | Create | Villager (Male) |
| 16:19 | Build | Farm |
| 16:28 | Create | Archer |
| 16:30 | Create | Archer |
| 16:44 | Create | Villager (Male) |
| 16:47 | Build | Farm |
| 16:48 | Build | Farm |
| 16:48 | Build | Farm |
| 16:48 | Build | Farm |
| 17:17 | Create | Villager (Male) |
| 17:17 | Create | Archer |
| 17:33 | Create | Archer |
| 17:39 | Create | Archer |
| 17:45 | Build | Farm |
| 17:45 | Build | Farm |
| 17:45 | Build | Farm |
| 17:55 | Build | Lumber Camp |
| 18:13 | Create | Villager (Male) |
| 18:14 | Build | Farm |
| 18:29 | Create | Villager (Male) |
| 18:31 | Build | House |
| 18:32 | Build | Palisade Wall |
| 18:38 | Build | House |
| 18:39 | Build | House |
| 18:51 | Create | Archer |
| 18:58 | Create | Archer |
| 19:00 | Create | Villager (Male) |
| 19:03 | Build | House |
| 19:13 | Research | Town Watch |
| 19:35 | Build | Farm |
| 19:58 | Build | House |
| 20:00 | Build | Palisade Wall |
| 20:03 | Build | Farm |
| 20:06 | Create | Villager (Male) |
| 20:12 | Create | Archer |
| 20:13 | Create | Archer |
| 20:20 | Build | Mining Camp |
| 20:31 | Create | Archer |
| 20:31 | Create | Villager (Male) |
| 20:56 | Create | Archer |
| 21:04 | Build | Palisade Wall |
| 21:19 | Build | House |
| 21:35 | Research | Castle Age |
| 21:45 | Build | House |
| 21:57 | Create | Archer |
| 21:57 | Create | Archer |
| 22:16 | Create | Archer |
| 22:31 | Create | Villager (Male) |
| 22:35 | Build | Palisade Gate |
| 22:39 | Create | Villager (Male) |
| 22:42 | Create | Archer |
| 22:53 | Research | Padded Archer Armor |
| 22:53 | Research | Padded Archer Armor |
| 22:59 | Create | Archer |
| 23:00 | Create | Archer |
| 23:12 | Build | Palisade Gate |
| 23:15 | Create | Archer |
| 23:18 | Research | Horse Collar |
Build order — PNLN | Maromba_aoe
First 150 of 165 actions detected
| 0:02 | Create | Villager (Male) ×4 |
| 0:04 | Build | House |
| 0:06 | Build | House |
| 1:18 | Create | Villager (Male) |
| 1:36 | Create | Villager (Male) |
| 2:00 | Build | Settlement |
| 2:13 | Create | Villager (Male) |
| 2:20 | Create | Villager (Male) |
| 3:24 | Research | Loom |
| 3:38 | Create | Villager (Male) |
| 4:03 | Create | Villager (Male) |
| 4:03 | Create | Villager (Male) |
| 5:02 | Create | Villager (Male) |
| 5:16 | Create | Villager (Male) |
| 5:42 | Create | Villager (Male) |
| 6:08 | Create | Villager (Male) |
| 6:47 | Research | Feudal Age |
| 7:12 | Build | Barracks |
| 7:21 | Build | Settlement |
| 7:29 | Create | Villager (Male) |
| 8:23 | Create | Unit 2550 |
| 8:50 | Create | Unit 2550 |
| 8:57 | Age | Feudal Age |
| 9:01 | Research | Double-Bit Axe |
| 9:19 | Create | Villager (Male) |
| 9:22 | Build | Farm |
| 9:24 | Build | Farm |
| 9:40 | Build | House |
| 9:41 | Build | House |
| 10:06 | Create | Villager (Male) |
| 10:18 | Create | Unit 2550 |
| 10:21 | Research | Tech 1402 |
| 10:39 | Create | Villager (Male) |
| 10:58 | Build | Blacksmith |
| 11:00 | Build | House |
| 11:01 | Build | House |
| 11:05 | Create | Unit 2550 |
| 11:10 | Build | Settlement |
| 11:26 | Create | Unit 2550 |
| 12:04 | Create | Unit 2550 |
| 12:08 | Create | Unit 2550 |
| 12:23 | Build | House |
| 12:26 | Build | Palisade Gate |
| 12:31 | Create | Villager (Male) |
| 12:43 | Create | Unit 2550 |
| 12:49 | Create | Villager (Male) |
| 12:59 | Create | Villager (Male) |
| 13:07 | Build | Barracks |
| 13:11 | Build | Farm |
| 13:12 | Build | Farm |
| 13:12 | Build | Farm |
| 13:12 | Build | Farm |
| 13:12 | Build | Farm |
| 13:12 | Build | Farm |
| 13:39 | Create | Unit 2550 |
| 14:02 | Create | Villager (Male) |
| 14:13 | Build | Farm |
| 14:18 | Build | Farm |
| 14:21 | Build | Farm |
| 14:36 | Research | Scale Mail Armor |
| 14:48 | Create | Villager (Male) |
| 14:52 | Build | House |
| 14:54 | Build | Farm |
| 15:07 | Create | Unit 2550 |
| 15:21 | Build | Farm |
| 15:35 | Create | Unit 2550 |
| 15:36 | Create | Villager (Male) |
| 15:36 | Create | Villager (Male) |
| 15:47 | Build | Farm |
| 16:00 | Create | Unit 2550 |
| 16:02 | Create | Villager (Male) |
| 16:09 | Build | Farm |
| 16:28 | Research | Forging |
| 16:41 | Build | House |
| 16:43 | Build | Palisade Wall |
| 16:47 | Create | Villager (Male) |
| 16:59 | Create | Villager (Male) |
| 17:03 | Create | Unit 2550 ×2 |
| 17:07 | Build | Farm |
| 17:34 | Create | Villager (Male) |
| 17:46 | Build | Palisade Wall |
| 17:48 | Create | Villager (Male) |
| 17:49 | Create | Unit 2550 ×3 |
| 18:01 | Create | Unit 2550 |
| 18:20 | Create | Villager (Male) |
| 18:21 | Create | Unit 2550 ×2 |
| 18:47 | Create | Villager (Male) |
| 18:59 | Build | Market |
| 19:09 | Create | Villager (Male) |
| 19:18 | Create | Villager (Male) |
| 19:22 | Build | House |
| 19:23 | Build | House |
| 19:35 | Create | Villager (Male) |
| 20:03 | Create | Villager (Male) |
| 20:22 | Build | House |
| 20:26 | Build | House |
| 20:46 | Research | Castle Age |
| 20:48 | Create | Unit 2550 |
| 21:22 | Build | Barracks |
| 21:24 | Build | Palisade Wall |
| 21:31 | Create | Unit 2550 |
| 21:32 | Create | Unit 2550 |
| 21:36 | Build | House |
| 21:47 | Research | Horse Collar |
| 21:48 | Research | Gold Mining |
| 21:53 | Create | Villager (Male) |
| 22:07 | Create | Unit 2550 |
| 22:07 | Create | Unit 2550 |
| 22:19 | Create | Unit 2550 |
| 22:21 | Create | Unit 2550 |
| 22:25 | Build | House |
| 22:26 | Build | House |
| 22:36 | Create | Unit 2550 |
| 23:15 | Build | Farm |
| 23:24 | Create | Unit 2550 |
| 23:24 | Create | Unit 2550 |
| 23:32 | Build | House |
| 23:33 | Build | House |
| 23:41 | Age | Castle Age |
| 23:48 | Research | Squires |
| 23:54 | Build | Settlement |
| 23:56 | Create | Villager (Male) |
| 24:00 | Research | Bow Saw |
| 24:24 | Research | Tech 1351 |
| 24:31 | Create | Villager (Male) |
| 24:37 | Build | House |
| 24:39 | Build | Palisade Wall |
| 24:41 | Build | Palisade Wall |
| 24:54 | Create | Villager (Male) |
| 24:58 | Create | Unit 2550 ×2 |
| 25:28 | Create | Villager (Male) |
| 25:36 | Research | Chain Mail Armor |
| 25:48 | Create | Villager (Male) |
| 26:00 | Create | Unit 2550 |
| 26:10 | Build | Town Center |
| 26:19 | Create | Unit 2550 |
| 26:36 | Create | Unit 2550 ×2 |
| 26:55 | Create | Villager (Male) |
| 27:03 | Research | Iron Casting |
| 27:12 | Create | Unit 2550 |
| 27:18 | Create | Villager (Male) |
| 27:18 | Create | Villager (Male) |
| 27:18 | Create | Villager (Male) |
| 27:29 | Create | Unit 2550 |
| 27:34 | Build | House |
| 27:36 | Build | House |
| 27:37 | Build | House |
| 27:37 | Build | House |
| 27:39 | Build | House |
| 27:42 | Create | Villager (Male) |
Build order — RD | Dominicano
First 150 of 186 actions detected
| 0:02 | Create | Villager (Male) |
| 0:10 | Create | Villager (Male) |
| 0:15 | Create | Villager (Male) |
| 0:20 | Create | Villager (Male) |
| 1:25 | Create | Villager (Male) |
| 1:40 | Build | Lumber Camp |
| 1:56 | Create | Villager (Male) |
| 2:23 | Create | Villager (Male) |
| 2:48 | Create | Villager (Male) |
| 3:24 | Create | Villager (Male) |
| 3:45 | Create | Villager (Male) |
| 4:07 | Create | Villager (Male) |
| 4:31 | Create | Villager (Male) |
| 4:59 | Create | Villager (Male) |
| 5:11 | Build | Mill |
| 5:27 | Create | Villager (Male) |
| 5:51 | Create | Villager (Male) |
| 6:20 | Research | Loom |
| 6:26 | Research | Feudal Age |
| 7:32 | Create | Villager (Male) |
| 7:45 | Build | Barracks |
| 8:36 | Age | Feudal Age |
| 8:47 | Build | Stable |
| 8:58 | Create | Villager (Male) |
| 9:04 | Build | Palisade Wall |
| 9:21 | Research | Double-Bit Axe |
| 9:24 | Create | Villager (Male) |
| 9:25 | Research | Horse Collar |
| 9:40 | Create | Scout Cavalry |
| 9:43 | Create | Villager (Male) |
| 10:05 | Create | Scout Cavalry |
| 10:15 | Create | Villager (Male) |
| 10:31 | Create | Scout Cavalry |
| 10:35 | Build | Farm |
| 10:39 | Create | Villager (Male) |
| 10:48 | Build | Farm |
| 10:53 | Build | Farm |
| 10:54 | Build | Farm |
| 10:56 | Create | Villager (Male) |
| 11:02 | Create | Scout Cavalry |
| 11:06 | Create | Villager (Male) |
| 11:11 | Build | Farm |
| 11:28 | Create | Villager (Male) |
| 11:34 | Create | Scout Cavalry |
| 11:40 | Build | Farm |
| 11:43 | Build | Farm |
| 11:47 | Create | Villager (Male) |
| 11:53 | Build | Farm |
| 12:23 | Research | Bloodlines |
| 12:37 | Create | Villager (Male) |
| 12:43 | Build | Farm |
| 12:45 | Build | Farm |
| 12:49 | Build | Farm |
| 12:54 | Create | Villager (Male) |
| 12:57 | Build | Farm |
| 13:14 | Create | Villager (Male) |
| 13:21 | Create | Scout Cavalry |
| 13:42 | Build | Farm |
| 13:43 | Build | Farm |
| 13:45 | Create | Scout Cavalry |
| 13:47 | Create | Villager (Male) |
| 14:01 | Create | Villager (Male) |
| 14:10 | Create | Scout Cavalry |
| 14:19 | Build | Stable |
| 14:24 | Build | Mining Camp |
| 14:36 | Create | Villager (Male) |
| 14:38 | Build | Farm |
| 14:46 | Create | Scout Cavalry |
| 14:58 | Build | Farm |
| 14:59 | Create | Villager (Male) |
| 15:11 | Build | Farm |
| 15:16 | Create | Scout Cavalry |
| 15:20 | Build | Farm |
| 15:22 | Create | Scout Cavalry |
| 15:29 | Create | Villager (Male) |
| 15:39 | Build | Farm |
| 15:44 | Build | Palisade Wall |
| 15:46 | Build | Palisade Wall |
| 15:50 | Create | Scout Cavalry |
| 15:50 | Create | Scout Cavalry |
| 15:57 | Create | Villager (Male) |
| 16:09 | Build | Farm |
| 16:12 | Create | Scout Cavalry |
| 16:14 | Create | Scout Cavalry |
| 16:22 | Create | Villager (Male) |
| 16:25 | Build | Palisade Wall |
| 16:30 | Build | Palisade Wall |
| 16:32 | Build | Palisade Wall |
| 16:41 | Create | Scout Cavalry |
| 16:42 | Create | Scout Cavalry |
| 16:49 | Research | Loom |
| 16:55 | Create | Villager (Male) |
| 17:02 | Build | Palisade Wall |
| 17:05 | Create | Villager (Male) |
| 17:18 | Create | Villager (Male) |
| 17:25 | Create | Scout Cavalry |
| 17:25 | Create | Scout Cavalry |
| 17:34 | Build | Blacksmith |
| 17:37 | Create | Scout Cavalry |
| 17:43 | Build | Farm |
| 17:44 | Create | Villager (Male) |
| 17:51 | Create | Scout Cavalry |
| 17:57 | Build | Palisade Wall |
| 18:00 | Create | Scout Cavalry |
| 18:17 | Create | Scout Cavalry |
| 18:18 | Create | Scout Cavalry |
| 18:23 | Build | Lumber Camp |
| 18:24 | Create | Villager (Male) |
| 18:39 | Build | Palisade Wall |
| 18:43 | Create | Scout Cavalry |
| 18:47 | Build | Farm |
| 18:48 | Create | Villager (Male) |
| 19:01 | Research | Scale Barding Armor |
| 19:01 | Research | Scale Barding Armor |
| 19:27 | Create | Scout Cavalry |
| 19:27 | Create | Scout Cavalry |
| 19:30 | Create | Villager (Male) |
| 19:42 | Build | Palisade Wall |
| 19:46 | Build | Palisade Wall |
| 19:57 | Create | Villager (Male) |
| 19:58 | Create | Villager (Male) |
| 20:08 | Create | Scout Cavalry |
| 20:12 | Create | Villager (Male) |
| 20:28 | Research | Forging |
| 20:37 | Create | Villager (Male) |
| 20:50 | Create | Villager (Male) |
| 20:56 | Build | Farm |
| 20:59 | Build | Palisade Wall |
| 21:03 | Create | Scout Cavalry |
| 21:03 | Create | Scout Cavalry |
| 21:22 | Create | Scout Cavalry |
| 21:23 | Create | Scout Cavalry |
| 21:31 | Create | Villager (Male) |
| 21:37 | Build | Palisade Wall |
| 21:42 | Create | Scout Cavalry |
| 21:56 | Create | Scout Cavalry |
| 22:03 | Create | Villager (Male) |
| 22:09 | Build | Farm |
| 22:10 | Build | Farm |
| 22:11 | Build | Farm |
| 22:21 | Create | Scout Cavalry |
| 22:25 | Build | Farm |
| 22:29 | Build | Farm |
| 22:37 | Create | Villager (Male) |
| 22:45 | Create | Villager (Male) |
| 22:51 | Build | Market |
| 22:54 | Build | Palisade Wall |
| 23:25 | Create | Villager (Male) |
| 23:43 | Build | Farm |
| 23:44 | Build | Farm |
Build order — Ux'LeonzAoe
First 150 of 239 actions detected
| 0:02 | Create | Villager (Male) ×4 |
| 0:02 | Create | Villager (Male) ×4 |
| 0:04 | Build | House |
| 0:05 | Build | House |
| 1:29 | Create | Villager (Male) |
| 1:30 | Create | Villager (Male) |
| 1:49 | Build | Lumber Camp |
| 2:09 | Create | Villager (Male) |
| 2:09 | Create | Villager (Male) |
| 2:17 | Create | Villager (Male) |
| 2:17 | Create | Villager (Male) |
| 2:56 | Create | Villager (Male) |
| 2:56 | Create | Villager (Male) |
| 3:09 | Create | Villager (Male) |
| 3:09 | Create | Villager (Male) |
| 3:27 | Build | House |
| 3:29 | Build | House |
| 3:40 | Create | Villager (Male) |
| 3:40 | Create | Villager (Male) |
| 3:57 | Create | Villager (Male) |
| 3:57 | Create | Villager (Male) |
| 4:24 | Create | Villager (Male) |
| 4:24 | Create | Villager (Male) |
| 4:36 | Build | Mill |
| 4:56 | Create | Villager (Male) |
| 4:57 | Create | Villager (Male) |
| 4:57 | Create | Villager (Male) |
| 5:16 | Create | Villager (Male) |
| 5:17 | Create | Villager (Male) |
| 5:37 | Research | Loom |
| 5:57 | Build | Lumber Camp |
| 6:44 | Research | Feudal Age |
| 7:52 | Build | Barracks |
| 7:53 | Build | House |
| 8:01 | Create | Villager (Male) |
| 8:01 | Create | Villager (Male) |
| 8:54 | Age | Feudal Age |
| 8:57 | Build | Stable |
| 9:00 | Research | Double-Bit Axe |
| 9:11 | Research | Horse Collar |
| 9:41 | Create | Scout Cavalry |
| 9:41 | Create | Scout Cavalry |
| 9:42 | Create | Scout Cavalry |
| 9:46 | Build | House |
| 9:55 | Build | Farm |
| 9:59 | Build | Farm |
| 10:01 | Create | Villager (Male) |
| 10:01 | Create | Villager (Male) |
| 10:01 | Create | Villager (Male) |
| 10:05 | Build | House |
| 10:19 | Build | House |
| 10:22 | Build | House |
| 10:24 | Build | Palisade Wall |
| 10:30 | Build | Farm |
| 10:41 | Create | Scout Cavalry |
| 10:55 | Build | Palisade Gate |
| 10:56 | Build | House |
| 11:00 | Build | Palisade Wall |
| 11:01 | Build | Palisade Wall |
| 11:06 | Build | House |
| 11:10 | Build | Palisade Wall |
| 11:12 | Create | Villager (Male) |
| 11:12 | Create | Villager (Male) |
| 11:13 | Create | Villager (Male) |
| 11:22 | Build | Farm |
| 11:31 | Build | Palisade Wall |
| 11:43 | Create | Scout Cavalry |
| 11:43 | Create | Scout Cavalry |
| 11:51 | Build | Farm |
| 12:19 | Create | Scout Cavalry |
| 12:20 | Create | Scout Cavalry |
| 12:20 | Create | Scout Cavalry |
| 12:23 | Build | Blacksmith |
| 12:24 | Build | House |
| 12:27 | Build | Palisade Wall |
| 12:41 | Create | Villager (Male) |
| 12:41 | Create | Villager (Male) |
| 12:43 | Build | House |
| 12:45 | Build | Palisade Wall |
| 12:49 | Build | Farm |
| 13:11 | Create | Scout Cavalry |
| 13:11 | Create | Scout Cavalry |
| 13:28 | Create | Scout Cavalry |
| 13:28 | Create | Scout Cavalry |
| 13:49 | Build | Farm |
| 13:49 | Build | Farm |
| 13:49 | Build | Farm |
| 13:51 | Build | Farm |
| 13:55 | Create | Villager (Male) |
| 13:55 | Create | Villager (Male) |
| 14:01 | Build | House |
| 14:14 | Create | Scout Cavalry |
| 14:14 | Create | Scout Cavalry |
| 14:26 | Create | Villager (Male) |
| 14:27 | Create | Villager (Male) |
| 14:29 | Build | Farm |
| 14:31 | Build | Farm |
| 14:34 | Build | Farm |
| 14:38 | Build | Farm |
| 14:49 | Create | Scout Cavalry |
| 15:00 | Build | Farm |
| 15:02 | Create | Villager (Male) |
| 15:02 | Create | Villager (Male) |
| 15:15 | Build | House |
| 15:18 | Build | Palisade Wall |
| 15:21 | Create | Scout Cavalry |
| 15:22 | Create | Scout Cavalry |
| 15:28 | Create | Villager (Male) |
| 15:28 | Create | Villager (Male) |
| 15:33 | Build | Farm |
| 15:36 | Create | Villager (Male) |
| 15:36 | Create | Villager (Male) |
| 15:52 | Build | Market |
| 16:03 | Create | Scout Cavalry |
| 16:08 | Research | Scale Barding Armor |
| 16:09 | Research | Scale Barding Armor |
| 16:18 | Create | Villager (Male) |
| 16:19 | Create | Villager (Male) |
| 16:21 | Build | Farm |
| 16:34 | Build | Farm |
| 16:40 | Create | Scout Cavalry |
| 16:40 | Create | Scout Cavalry |
| 17:06 | Research | Forging |
| 17:10 | Build | Mining Camp |
| 17:20 | Create | Scout Cavalry |
| 17:20 | Create | Scout Cavalry |
| 17:26 | Create | Villager (Male) |
| 17:26 | Create | Villager (Male) |
| 17:29 | Create | Villager (Male) |
| 17:29 | Create | Villager (Male) |
| 17:36 | Build | Farm |
| 17:38 | Build | Farm |
| 17:42 | Build | Farm |
| 17:48 | Build | Farm |
| 17:53 | Create | Scout Cavalry |
| 17:57 | Create | Villager (Male) |
| 17:58 | Create | Villager (Male) |
| 17:58 | Create | Villager (Male) |
| 18:17 | Research | Wheelbarrow |
| 18:57 | Create | Scout Cavalry |
| 18:58 | Create | Scout Cavalry |
| 19:00 | Create | Villager (Male) |
| 19:01 | Create | Villager (Male) |
| 19:06 | Build | Lumber Camp |
| 19:18 | Build | Lumber Camp |
| 19:25 | Build | Farm |
| 21:04 | Research | Castle Age |
| 21:09 | Build | Stable |
| 21:12 | Build | Stable |
| 21:15 | Research | Bloodlines |
Build order — apNEA
First 150 of 214 actions detected
| 0:01 | Create | Villager (Male) |
| 0:01 | Create | Villager (Male) |
| 0:01 | Create | Villager (Male) |
| 0:01 | Create | Villager (Male) |
| 0:03 | Build | House |
| 0:07 | Build | House |
| 1:26 | Create | Villager (Male) |
| 1:51 | Create | Villager (Male) |
| 2:20 | Create | Villager (Male) |
| 2:42 | Create | Villager (Male) |
| 3:10 | Build | House |
| 3:11 | Build | House |
| 3:23 | Create | Villager (Male) |
| 3:23 | Create | Villager (Male) |
| 3:40 | Build | Lumber Camp |
| 3:58 | Create | Villager (Male) |
| 3:58 | Create | Villager (Male) |
| 4:18 | Create | Villager (Male) |
| 4:49 | Build | Mining Camp |
| 5:04 | Create | Villager (Male) |
| 5:16 | Create | Villager (Male) |
| 5:32 | Create | Villager (Male) |
| 5:42 | Build | Palisade Wall |
| 5:49 | Build | Palisade Wall |
| 6:14 | Create | Villager (Male) |
| 6:39 | Research | Loom |
| 7:21 | Research | Feudal Age |
| 7:43 | Build | Lumber Camp |
| 7:53 | Build | Palisade Wall |
| 7:55 | Build | Palisade Wall |
| 8:21 | Build | Palisade Wall |
| 8:42 | Create | Villager (Male) |
| 8:49 | Build | Barracks |
| 9:31 | Age | Feudal Age |
| 9:33 | Create | Villager (Male) |
| 9:43 | Build | Archery Range |
| 9:53 | Build | Archery Range |
| 10:07 | Build | House |
| 10:10 | Create | Villager (Male) |
| 10:26 | Build | Blacksmith |
| 10:35 | Build | House |
| 10:37 | Build | House |
| 10:38 | Create | Archer |
| 10:39 | Create | Archer |
| 10:43 | Create | Villager (Male) |
| 10:52 | Build | House |
| 10:57 | Build | House |
| 10:59 | Create | Archer |
| 11:06 | Create | Villager (Male) |
| 11:30 | Create | Archer |
| 11:31 | Research | Fletching |
| 11:32 | Create | Archer |
| 11:45 | Build | Palisade Gate |
| 11:46 | Build | House |
| 11:48 | Create | Archer |
| 12:04 | Create | Archer |
| 12:05 | Create | Villager (Male) |
| 12:12 | Build | Mill |
| 12:21 | Create | Archer |
| 12:33 | Create | Villager (Male) |
| 12:41 | Build | Farm |
| 12:43 | Build | Farm |
| 12:44 | Create | Villager (Male) |
| 12:49 | Build | Farm |
| 12:52 | Create | Archer |
| 13:02 | Build | Farm |
| 13:26 | Create | Archer |
| 13:26 | Create | Archer |
| 14:11 | Build | House |
| 14:16 | Create | Archer |
| 14:17 | Create | Villager (Male) |
| 14:23 | Create | Archer |
| 14:27 | Build | House |
| 14:31 | Build | Farm |
| 14:34 | Build | Farm |
| 14:38 | Create | Archer |
| 14:44 | Create | Villager (Male) |
| 14:46 | Build | Farm |
| 14:48 | Create | Villager (Male) |
| 14:54 | Build | Palisade Wall |
| 14:59 | Create | Archer |
| 15:07 | Research | Double-Bit Axe |
| 15:13 | Build | House |
| 15:16 | Build | House |
| 15:17 | Build | House |
| 15:25 | Create | Archer |
| 15:34 | Create | Villager (Male) |
| 15:36 | Build | Farm |
| 15:38 | Build | Farm |
| 15:49 | Build | Palisade Wall |
| 15:50 | Build | Palisade Wall |
| 15:55 | Build | Palisade Gate |
| 15:57 | Build | Palisade Wall |
| 16:02 | Create | Archer |
| 16:04 | Create | Villager (Male) |
| 16:13 | Build | Palisade Wall |
| 16:18 | Create | Archer |
| 16:24 | Create | Villager (Male) |
| 16:39 | Create | Archer |
| 16:49 | Create | Archer |
| 17:16 | Create | Archer |
| 17:19 | Create | Villager (Male) |
| 17:30 | Create | Archer |
| 17:32 | Create | Villager (Male) |
| 17:41 | Build | Mining Camp |
| 17:46 | Create | Archer |
| 17:52 | Build | Farm |
| 18:13 | Create | Archer |
| 18:13 | Create | Archer |
| 18:32 | Build | Watch Tower |
| 18:36 | Create | Villager (Male) |
| 18:49 | Create | Archer |
| 19:06 | Create | Villager (Male) |
| 19:34 | Build | Farm |
| 19:35 | Research | Castle Age |
| 19:41 | Create | Archer |
| 19:58 | Research | Gold Mining |
| 20:00 | Create | Archer |
| 20:14 | Create | Archer |
| 20:28 | Create | Archer |
| 20:53 | Create | Villager (Male) |
| 20:58 | Research | Horse Collar |
| 21:06 | Build | Town Center |
| 21:12 | Create | Archer |
| 21:13 | Create | Archer |
| 21:46 | Create | Archer |
| 21:46 | Create | Archer |
| 22:06 | Create | Archer |
| 22:15 | Age | Castle Age |
| 22:17 | Research | Crossbowman (upgrade) |
| 22:21 | Create | Villager (Male) |
| 22:22 | Create | Villager (Male) |
| 22:34 | Research | Bodkin Arrow |
| 22:40 | Create | Archer |
| 23:24 | Create | Archer |
| 23:25 | Create | Archer |
| 23:27 | Create | Villager (Male) |
| 23:29 | Research | Padded Archer Armor |
| 23:30 | Create | Archer |
| 23:30 | Create | Archer |
| 23:34 | Build | Mining Camp |
| 23:37 | Create | Villager (Male) |
| 23:38 | Create | Villager (Male) |
| 23:39 | Create | Villager (Male) |
| 23:41 | Build | Farm |
| 23:41 | Create | Archer |
| 23:50 | Create | Archer |
| 23:59 | Create | Archer |
| 24:10 | Create | Archer |
| 24:11 | Create | Archer |
Build order — Una Tortuga
First 150 of 167 actions detected
| 0:03 | Create | Villager (Male) ×4 |
| 0:04 | Build | House |
| 0:05 | Build | House |
| 1:27 | Build | Lumber Camp |
| 1:28 | Create | Villager (Male) |
| 1:29 | Create | Villager (Male) |
| 1:54 | Create | Villager (Male) |
| 1:54 | Create | Villager (Male) |
| 2:09 | Create | Villager (Male) |
| 2:09 | Create | Villager (Male) |
| 2:09 | Create | Villager (Male) |
| 2:47 | Create | Villager (Male) |
| 2:47 | Create | Villager (Male) |
| 2:54 | Create | Villager (Male) |
| 3:39 | Create | Villager (Male) |
| 3:39 | Create | Villager (Male) |
| 4:05 | Build | House |
| 4:15 | Create | Villager (Male) |
| 4:15 | Create | Villager (Male) |
| 4:16 | Create | Villager (Male) |
| 4:24 | Build | Mill |
| 4:42 | Create | Villager (Male) |
| 4:42 | Create | Villager (Male) |
| 5:04 | Create | Villager (Male) ×2 |
| 5:26 | Research | Loom |
| 6:23 | Build | Barracks |
| 6:59 | Research | Feudal Age |
| 7:00 | Research | Feudal Age |
| 8:05 | Build | Mining Camp |
| 9:09 | Age | Feudal Age |
| 9:12 | Create | Villager (Male) |
| 9:12 | Create | Villager (Male) |
| 9:14 | Research | Double-Bit Axe |
| 9:18 | Build | Archery Range |
| 9:44 | Create | Spearman |
| 9:48 | Build | House |
| 9:53 | Build | House |
| 10:20 | Create | Villager (Male) |
| 10:20 | Create | Villager (Male) |
| 10:26 | Build | Archery Range |
| 10:38 | Build | Palisade Wall |
| 10:40 | Create | Archer |
| 10:50 | Create | Villager (Male) |
| 11:07 | Build | Blacksmith |
| 11:21 | Build | House |
| 11:23 | Build | House |
| 11:24 | Build | Palisade Wall |
| 11:31 | Create | Archer |
| 11:31 | Create | Archer |
| 11:37 | Build | House |
| 11:40 | Build | Palisade Wall |
| 11:42 | Build | Palisade Wall |
| 11:48 | Build | House |
| 12:04 | Research | Fletching |
| 12:04 | Research | Fletching |
| 12:12 | Build | Palisade Wall |
| 12:15 | Create | Archer |
| 12:16 | Create | Archer |
| 12:36 | Create | Archer |
| 12:37 | Create | Archer |
| 12:53 | Build | House |
| 12:54 | Build | Palisade Wall |
| 13:01 | Create | Archer |
| 13:02 | Create | Archer |
| 13:36 | Create | Archer |
| 13:36 | Create | Archer |
| 13:37 | Create | Villager (Male) |
| 13:38 | Create | Villager (Male) |
| 13:38 | Create | Villager (Male) |
| 13:56 | Build | House |
| 13:59 | Build | Palisade Wall |
| 14:10 | Create | Archer |
| 14:10 | Create | Archer |
| 14:14 | Build | Palisade Gate |
| 14:24 | Create | Archer |
| 14:24 | Create | Archer |
| 14:34 | Build | House |
| 14:35 | Build | Palisade Wall |
| 14:39 | Build | Farm |
| 14:40 | Create | Villager (Male) |
| 14:40 | Create | Villager (Male) |
| 14:40 | Create | Villager (Male) |
| 14:47 | Create | Archer |
| 14:47 | Create | Archer |
| 15:02 | Build | Farm |
| 15:05 | Create | Villager (Male) |
| 15:07 | Build | Farm |
| 15:12 | Create | Archer |
| 15:13 | Create | Archer |
| 15:26 | Build | House |
| 15:29 | Build | Palisade Wall |
| 15:30 | Build | Palisade Wall |
| 15:33 | Build | Palisade Wall |
| 15:35 | Create | Villager (Male) |
| 15:36 | Build | Farm |
| 15:40 | Create | Archer |
| 15:41 | Create | Archer |
| 15:41 | Create | Archer |
| 16:03 | Build | Palisade Gate |
| 16:09 | Create | Villager (Male) |
| 16:11 | Build | Farm |
| 16:13 | Create | Archer |
| 16:13 | Create | Archer |
| 16:27 | Create | Archer |
| 16:28 | Create | Archer |
| 16:30 | Create | Villager (Male) |
| 16:31 | Create | Villager (Male) |
| 16:42 | Build | Farm |
| 16:43 | Create | Villager (Male) |
| 16:46 | Create | Archer |
| 16:46 | Create | Archer |
| 16:57 | Create | Villager (Male) |
| 17:21 | Create | Villager (Male) |
| 17:22 | Create | Archer |
| 17:23 | Create | Archer |
| 17:27 | Build | Farm |
| 17:32 | Build | Farm |
| 17:35 | Create | Villager (Male) |
| 17:37 | Create | Archer |
| 17:52 | Build | Farm |
| 18:01 | Research | Padded Archer Armor |
| 18:01 | Research | Padded Archer Armor |
| 18:16 | Create | Archer |
| 18:16 | Create | Archer |
| 18:18 | Create | Villager (Male) |
| 18:18 | Create | Villager (Male) |
| 18:39 | Create | Villager (Male) |
| 18:42 | Build | Lumber Camp |
| 19:07 | Create | Archer |
| 19:08 | Create | Archer |
| 19:12 | Build | Farm |
| 19:43 | Create | Archer |
| 19:43 | Create | Archer |
| 19:47 | Build | House |
| 19:47 | Build | House |
| 19:50 | Create | Villager (Male) |
| 19:50 | Create | Villager (Male) |
| 19:51 | Create | Villager (Male) |
| 20:11 | Build | House |
| 20:12 | Build | House |
| 20:13 | Build | House |
| 20:15 | Build | Palisade Wall |
| 20:16 | Build | Palisade Wall |
| 20:21 | Build | House |
| 20:26 | Build | Farm |
| 20:39 | Build | Market |
| 21:00 | Build | Farm |
| 21:03 | Build | Farm |
| 21:06 | Create | Villager (Male) |
| 21:07 | Create | Villager (Male) |
Match timeline
| 4:22 | HIX | Joako · wall_segment Palisade Wall x1 |
| 4:23 | HIX | Joako · wall_segment Palisade Wall x1 |
| 5:30 | HIX | Joako · wall_segment Palisade Wall x1 |
| 5:42 | apNEA · wall_segment Palisade Wall x7 |
| 5:49 | apNEA · wall_segment Palisade Wall x6 |
| 6:23 | Una Tortuga · first_building Barracks |
| 7:12 | PNLN | Maromba_aoe · first_building Barracks |
| 7:40 | Katsu · first_building Barracks |
| 7:45 | RD | Dominicano · first_building Barracks |
| 7:52 | Ux'LeonzAoe · first_building Barracks |
| 7:53 | apNEA · wall_segment Palisade Wall x1 |
| 7:55 | apNEA · wall_segment Palisade Wall x1 |
| 7:57 | HIX | Mark Anthony · first_building Barracks |
| 8:18 | HIX | Joako · first_building Barracks |
| 8:21 | apNEA · wall_segment Palisade Wall x1 |
| 8:36 | RD | Dominicano · age_up feudal |
| 8:47 | RD | Dominicano · first_building Stable |
| 8:49 | apNEA · first_building Barracks |
| 8:54 | Katsu · age_up feudal |
| 8:54 | Ux'LeonzAoe · age_up feudal |
| 8:57 | Ux'LeonzAoe · first_building Stable |
| 8:57 | PNLN | Maromba_aoe · age_up feudal |
| 9:02 | Katsu · first_building Archery Range |
| 9:04 | RD | Dominicano · wall_segment Palisade Wall x3 |
| 9:09 | Una Tortuga · age_up feudal |
| 9:18 | Una Tortuga · first_building Archery Range |
| 9:22 | HIX | Joako · age_up feudal |
| 9:23 | HIX | Joako · first_building Archery Range |
| 9:31 | apNEA · age_up feudal |
| 9:43 | apNEA · first_building Archery Range |
| 10:00 | HIX | Mark Anthony · age_up feudal |
| 10:02 | HIX | Mark Anthony · first_building Stable |
| 10:24 | Ux'LeonzAoe · wall_segment Palisade Wall x1 |
| 10:38 | Una Tortuga · wall_segment Palisade Wall x5 |
| 11:00 | Ux'LeonzAoe · wall_segment Palisade Wall x4 |
| 11:01 | Ux'LeonzAoe · wall_segment Palisade Wall x1 |
| 11:10 | Ux'LeonzAoe · wall_segment Palisade Wall x4 |
| 11:24 | Una Tortuga · wall_segment Palisade Wall x1 |
| 11:31 | Ux'LeonzAoe · wall_segment Palisade Wall x4 |
| 11:40 | Una Tortuga · wall_segment Palisade Wall x7 |
| 11:42 | Una Tortuga · wall_segment Palisade Wall x3 |
| 12:12 | Una Tortuga · wall_segment Palisade Wall x8 |
| 12:27 | Ux'LeonzAoe · wall_segment Palisade Wall x17 |
| 12:45 | Ux'LeonzAoe · wall_segment Palisade Wall x8 |
| 12:54 | Una Tortuga · wall_segment Palisade Wall x2 |
| 13:00 | Katsu · wall_segment Palisade Wall x14 |
| 13:59 | Una Tortuga · wall_segment Palisade Wall x4 |
| 14:35 | Una Tortuga · wall_segment Palisade Wall x3 |
| 14:54 | apNEA · wall_segment Palisade Wall x6 |
| 15:17 | Katsu · wall_segment Palisade Wall x1 |
| 15:18 | Ux'LeonzAoe · wall_segment Palisade Wall x5 |
| 15:29 | Una Tortuga · wall_segment Palisade Wall x1 |
| 15:30 | Una Tortuga · wall_segment Palisade Wall x1 |
| 15:33 | Una Tortuga · wall_segment Palisade Wall x10 |
| 15:44 | RD | Dominicano · wall_segment Palisade Wall x5 |
| 15:46 | RD | Dominicano · wall_segment Palisade Wall x13 |
| 15:49 | apNEA · wall_segment Palisade Wall x1 |
| 15:50 | apNEA · wall_segment Palisade Wall x1 |
| 15:57 | apNEA · wall_segment Palisade Wall x5 |
| 15:58 | HIX | Joako · first_market_sell 100 stone |
| 16:01 | HIX | Joako · first_market_buy 100 food |
| 16:03 | Katsu · wall_segment Palisade Wall x1 |
| 16:04 | Katsu · wall_segment Palisade Wall x1 |
| 16:05 | Katsu · wall_segment Palisade Wall x1 |
| 16:13 | apNEA · wall_segment Palisade Wall x17 |
| 16:25 | RD | Dominicano · wall_segment Palisade Wall x1 |
| 16:30 | RD | Dominicano · wall_segment Palisade Wall x8 |
| 16:32 | RD | Dominicano · wall_segment Palisade Wall x3 |
| 16:43 | PNLN | Maromba_aoe · wall_segment Palisade Wall x6 |
| 16:45 | Katsu · wall_segment Stone Wall x1 |
| 16:48 | Katsu · wall_segment Stone Wall x1 |
| 17:02 | RD | Dominicano · wall_segment Palisade Wall x12 |
| 17:46 | PNLN | Maromba_aoe · wall_segment Palisade Wall x8 |
| 17:57 | RD | Dominicano · wall_segment Palisade Wall x14 |
| 18:32 | HIX | Joako · wall_segment Palisade Wall x7 |
| 18:39 | RD | Dominicano · wall_segment Palisade Wall x7 |
| 19:42 | RD | Dominicano · wall_segment Palisade Wall x7 |
| 19:46 | RD | Dominicano · wall_segment Palisade Wall x3 |
| 20:00 | HIX | Joako · wall_segment Palisade Wall x14 |
| 20:15 | Una Tortuga · wall_segment Palisade Wall x1 |
| 20:16 | Una Tortuga · wall_segment Palisade Wall x1 |
| 20:39 | PNLN | Maromba_aoe · first_market_buy 100 food |
| 20:42 | PNLN | Maromba_aoe · first_market_sell 100 food |
| 20:59 | RD | Dominicano · wall_segment Palisade Wall x1 |
| 21:04 | HIX | Joako · wall_segment Palisade Wall x1 |
| 21:14 | Katsu · first_market_sell 100 wood |
| 21:24 | PNLN | Maromba_aoe · wall_segment Palisade Wall x11 |
| 21:33 | Katsu · first_market_buy 100 food |
| 21:37 | RD | Dominicano · wall_segment Palisade Wall x4 |
| 22:04 | Una Tortuga · first_market_buy 100 food |
| 22:06 | Una Tortuga · first_market_sell 100 wood |
| 22:15 | apNEA · age_up castle |
| 22:35 | Katsu · wall_segment Palisade Wall x3 |
| 22:38 | Katsu · wall_segment Palisade Wall x9 |
| 22:54 | RD | Dominicano · wall_segment Palisade Wall x1 |
| 23:03 | HIX | Mark Anthony · wall_segment Palisade Wall x2 |
| 23:04 | HIX | Mark Anthony · wall_segment Palisade Wall x4 |
| 23:41 | PNLN | Maromba_aoe · age_up castle |
| 23:44 | Ux'LeonzAoe · age_up castle |
| 23:54 | HIX | Mark Anthony · first_market_sell 100 wood |
| 23:57 | HIX | Mark Anthony · first_market_buy 100 food |
| 24:15 | HIX | Joako · age_up castle |
| 24:36 | Katsu · age_up castle |
| 24:39 | PNLN | Maromba_aoe · wall_segment Palisade Wall x5 |
| 24:41 | PNLN | Maromba_aoe · wall_segment Palisade Wall x17 |
| 25:52 | RD | Dominicano · wall_segment Palisade Wall x1 |
| 26:29 | Una Tortuga · age_up castle |
| 27:25 | RD | Dominicano · age_up castle |
| 27:38 | HIX | Mark Anthony · age_up castle |
| 27:51 | Ux'LeonzAoe · first_market_sell 100 food |
| 28:29 | Una Tortuga · wall_segment Palisade Wall x1 |
| 28:38 | RD | Dominicano · resign |
[ AI ANALYSIS · 1 CREDIT ]
What really happened in this match?
Wolo.gg analyzes every decision: build order, eco, micro, common mistakes by bracket. Personalized analysis on WhatsApp or Discord in 30 seconds.
Civ guide
Georgians
Perfil
HIX | Mark Anthony